 Dungeon Crawl Stone Soup version 0.28-a0-1387-g3a22ab9bdc (webtiles) character file.

Game seed: 15994801503266115421

112 Deminshera the Sneak (level 5, 0/32 HPs)
             Began as a Kobold Brigand on Jan 1, 2022.
             Frozen to death by an endoplasm (4 damage)
             ... on level 2 of the Dungeon.
             The game lasted 00:01:55 (1728 turns).

Deminshera the Sneak (Kobold Brigand)               Turns: 1728, Time: 00:01:56

Health: 0/32       AC:  2    Str: 10    XL:     5   Next: 16%
Magic:  5/5        EV: 13    Int: 13    God:
Gold:   40         SH:  0    Dex: 16    Spells: 4/4 levels left

rFire   . . .      SeeInvis .   b - +2 dagger (distort)
rCold   . . .      Faith    .   (no shield)
rNeg    . . .      Spirit   .   k - +0 ring mail
rPois   .          Reflect  .   (no helmet)
rElec   .          Harm     .   c - +0 cloak
rCorr   .          Rampage  .   (no gloves)
Will    .....                   (no boots)
Stlth   ++++......              (no amulet)
HPRegen 0.10/turn               j - +4 ring of protection
MPRegen 0.09/turn               (no ring)

@: corroded
A: small, no large weapons, nightstalker 3
a: no special abilities


You were on level 2 of the Dungeon.
You visited 1 branch of the dungeon, and saw 2 of its levels.

You collected 40 gold pieces.

Inventory:

Hand Weapons
 a - a +2 dagger
 b - a +2 dagger of distortion (weapon)
Missiles
 d - 8 poisoned darts (quivered)
 e - 2 curare-tipped darts
Armour
 c - a +0 cloak (worn)
 k - a +0 ring mail (worn)
Jewellery
 j - a +4 ring of protection (left hand)
Scrolls
 g - 2 scrolls of fear {unknown}
 i - a scroll of teleportation {unknown}
Potions
 f - a potion of resistance {unknown}
 h - 2 potions of curing {unknown}


   Skills:
 + Level 3.0 Fighting
 + Level 3.7 Short Blades
 - Level 3.0 Throwing
 + Level 2.6 Dodging
 + Level 6.2 Stealth


You had 4 spell levels left.
You didn't know any spells.
Your spell library was empty.

Dungeon Overview and Level Annotations

Branches:
Dungeon (2/15)

Altars:

Annotations:
D:2 Robin


Innate Abilities, Weirdness & Mutations

You are small and have problems with some larger weapons.
You are completely attuned to the shadows.


Message History

You hit the jelly. The acid corrodes you!
Your hands burn!
The jelly is lightly wounded.
The jelly hits you but does no damage.
You hit the jelly.
Space warps around the jelly.
Your hands burn!
The jelly is heavily wounded.
The jelly hits you but does no damage.
You hit the jelly but do no damage.
Space warps around the jelly.
Your hands burn!
The jelly is heavily wounded.
The endoplasm quivers.
The jelly closely misses you.
You hit the jelly.
Space warps around the jelly.
The acid corrodes you!
Your hands burn!
The jelly is severely wounded.
The jelly jiggles.
The jelly hits you.
You are splashed with acid!
You hit the jelly.
Your hands burn!
* * * LOW HITPOINT WARNING * * *
The jelly is severely wounded.
The jelly blinks!
The endoplasm freezes you.
You are frozen.
* * * LOW HITPOINT WARNING * * *
The endoplasm quivers.
The endoplasm hits the fungus.
The fungus begins to die.
The endoplasm hits the fungus.
The fungus begins to die.
There is an open door here.
Things that are here:
a +0 club; 2 stones You hit the jelly.
Space warps horribly around the jelly!
You kill the jelly!
Training target 3.0 for Throwing reached!
Your Fighting skill increases to level 3!
Your Throwing skill increases to level 3!
You have reached level 5!
You feel clever.
You barely miss the endoplasm. The endoplasm freezes you.
You are frozen.
You die...

########### #.#....
#.......P(# #.#....
#.P...P...#######.#....
#.P....÷P÷##....#......
#.PJ..÷.PJ##.##.#......
#.......P.##.#..#......
#.....P...##.#..#....##
##'#########.##.#.#....
##J)J@..###......###..
########.###....## #..
#....'..## #....# #..
#....#### #....# #..
#.......######'## #..
#.......##.....# ###
#)......##.#####
#.......##.######
##.))..###......#


You could see 2 endoplasms.

Vanquished Creatures
  2 jellies (D:2)
  4 bats (D:1)
  11 endoplasms
  4 goblins
  3 hobgoblins
  4 jackals (D:1)
  9 kobolds
  A quokka (D:1)
  4 ball pythons (D:1)
  3 rats (D:1)
45 creatures vanquished.

Vanquished Creatures (others)
  5 fungi (D:2)
  5 plants (D:2)
  5 toadstools (D:2)
15 creatures vanquished.

Grand Total: 60 creatures vanquished

Notes
Turn   | Place    | Note
-------+----------+-------------------------------------------
     0 | D:1      | Deminshera the Kobold Brigand began the quest for the Orb.
     0 | D:1      | Reached XP level 1. HP: 12/12 MP: 1/1
    80 | D:1      | Reached XP level 2. HP: 18/18 MP: 2/2
   752 | D:1      | Reached XP level 3. HP: 17/22 MP: 3/3
  1267 | D:2      | Noticed Robin
  1566 | D:2      | Reached XP level 4. HP: 17/27 MP: 4/4
  1578 | D:2      | Reached skill level 6 in Stealth
  1728 | D:2      | Reached XP level 5. HP: 4/32 MP: 5/5
  1728 | D:2      | Frozen to death by an endoplasm

Illustrated notes

Levels and vault maps discovered:
D:1:      dpeg_arrival_renting, layout_loops_ring, grunt_decor_one_mirror,
          minmay_crystal_water
D:2:      cheibrodos_fertilizer, layout_basic, serial_forest,
          infiniplex_forest_clump_tiny, infiniplex_forest_end_2,
          infiniplex_forest_clump_small, infiniplex_forest_straight_2,
          infiniplex_forest_zigzag_2, infiniplex_forest_clump_double,
          infiniplex_forest_lined_room_2, minmay_shallow_snake_nest, uniq_robin,
          uniq_natasha

Skill      XL: |  1  2  3  4 |
---------------+-------------+-----
Short Blades   | 3 |  3.7
Dodging        | 2 |  2.6
Stealth        | 6 |  6.2
Fighting       | 3 |  3.0
Throwing       | 3 |  3.0

Action                   |  1- 3 |  4- 6 || total
-------------------------+-------+-------++-------
Melee: Dagger            |    53 |    15 ||    68
Throw: Dart              |    10 |       ||    10
 Stab: Sleeping          |    18 |     2 ||    20
Armor: Robe              |     7 |       ||     7
       Ring mail         |     5 |     3 ||     8
Dodge: Dodged            |    25 |     2 ||    27

Table legend: (Time is in decaauts)
 A = Elapsed time spent in this place.
 B = Non-inter-level travel time spent in this place.
 C = Inter-level travel time spent in this place.
 D = Time resting spent in this place.
 E = Time spent auto-exploring this place.
 F = Levels seen in this place.
 G = Mean time per level.
                   A        B        C        D        E       F      G
               +--------+--------+--------+--------+--------+-----+--------+
         Total |   1715 |   1680 |     35 |    573 |    840 |   2 |  857.5 |
       Dungeon |   1715 |   1680 |     35 |    573 |    840 |   2 |  857.5 |
               +--------+--------+--------+--------+--------+-----+--------+

Top non-repeatable levels by time:
     D:1: 1209 daAuts
     D:2: 506 daAuts
